 Dungeon Crawl Stone Soup version 0.28.0 (webtiles) character file.

Game seed: 62921882503456122

526289 diecastcamel the Impregnable (level 24, -10/238 HPs)
             Began as a Minotaur Berserker on Feb 7, 2022.
             Was a High Priest of Trog.
             Mangled by a tentacled monstrosity (15 damage)
             ... on level 1 of the Realm of Zot on Feb 9, 2022.
             The game lasted 08:44:55 (84730 turns).

diecastcamel the Impregnable (Minotaur Berserker)  Turns: 84730, Time: 08:44:56

Health: -10/238    AC: 42    Str: 30    XL:     24   Next: 27%
Magic:  31/31      EV: 12    Int:  6    God:    Trog [*****.]
Gold:   2847       SH: 35    Dex: 14    Spells: 23/23 levels left

rFire   + + +      SeeInvis .   L - +9 broad axe (freeze)
rCold   + + +      Faith    .   W - +8 tower shield {rC+ rF+}
rNeg    . . .      Spirit   .   J - +5 gold dragon scales
rPois   +          Reflect  +   q - +1 hat
rElec   .          Harm     .   e - +2 cloak {Stlth+}
rCorr   +          Rampage  .   f - +1 pair of gloves "Lireom" {rPois rF+ Str+2}
Will    ++...                   u - +2 pair of boots
Stlth   ..........              F - amulet "Gymmum" {Reflect Will+ MP+9 SH+5}
HPRegen 0.49/turn               Z - ring of resist corrosion
MPRegen 0.22/turn               O - ring of protection from cold

@: constricted, studying 2 skills
A: horns 2, retaliatory headbutt
}: 3/15 runes: serpentine, barnacled, silver
a: Renounce Religion, Berserk, Trog's Hand, Brothers in Arms


You were on level 1 of the Realm of Zot.
You worshipped Trog.
Trog was extremely pleased with you.
You visited 11 branches of the dungeon, and saw 46 of its levels.
You visited the Abyss 2 times.

You collected 5915 gold pieces.
You spent 3068 gold pieces at shops.

Inventory:

Hand Weapons
 d - a +7 broad axe of flaming
 L - a +9 broad axe of freezing (weapon)
Missiles
 N - 9 silver javelins
 Q - 4 silver boomerangs
 X - 18 curare-tipped darts (quivered)
Armour
 e - a +2 cloak of stealth (worn)
 f - the +1 pair of gloves "Lireom" (worn) {rPois rF+ Str+2}
   (You acquired it on level 1 of the Snake Pit)

   Str:       It affects your strength (+2).
   rF:        It protects you from fire.
   rPois:     It protects you from poison.
 p - the +8 orange crystal plate armour {Archmagi, Int+3 Clar}
   (You acquired it on level 4 of the Vaults)

   Int:       It affects your intelligence (+3).
   Clar:      It protects you against confusion.
 q - a +1 hat (worn)
 u - a +2 pair of boots (worn)
 J - +5 gold dragon scales (worn)
 W - a +8 tower shield of resistance (worn)
Jewellery
 b - the ring "Pifoatuh" {rF- EV+4 Dex+7}
   (You took it off a tengu reaver on level 5 of the Vaults)

   [ring of evasion]

   EV:        It affects your evasion (+4).
   Dex:       It affects your dexterity (+7).
   rF:        It makes you vulnerable to fire.
 t - the ring of Torey {+Blink Fly rC- Will+ MP+9}
   (You found it on level 1 of the Vaults)

   [ring of magical power]

   rC:        It makes you vulnerable to cold.
   MP:        It affects your magic capacity (+9).
   Fly:       It grants you flight.
   +Blink:    It lets you blink.
   Will:      It increases your willpower.
 C - the ring "Jashreb" {Will+ Slay+2}
   (You took it off a deep elf annihilator on level 3 of the Elven Halls)

   [ring of willpower]

   Slay:      It affects your accuracy & damage with ranged weapons and melee
   (+2).
   Will:      It increases your willpower.
 F - the amulet "Gymmum" (around neck) {Reflect Will+ MP+9 SH+5}
   (You acquired it on level 9 of the Dungeon)

   [amulet of reflection]

   It reflects blocked missile attacks.
   MP:        It affects your magic capacity (+9).
   SH:        It affects your SH (+5).
   Will:      It increases your willpower.
 O - a ring of protection from cold (right hand)
 T - a ring of positive energy
 Z - a ring of resist corrosion (left hand)
Wands
 c - a wand of digging (10)
 m - a wand of mindburst (20)
 o - a wand of acid (8)
 w - a wand of iceblast (25)
 A - a wand of charming (21)
 D - a wand of paralysis (12)
 U - a wand of polymorph (25)
Scrolls
 g - 9 scrolls of teleportation
 l - 2 scrolls of brand weapon
 n - 11 scrolls of fog
 z - 3 scrolls of fear
 H - 5 scrolls of magic mapping
 R - 4 scrolls of immolation
 V - a scroll of summoning
 Y - a scroll of holy word
Potions
 a - 3 potions of heal wounds
 i - 3 potions of berserk rage
 j - 8 potions of mutation
 s - a potion of resistance
 x - 6 potions of haste
 B - 2 potions of lignification
 E - 6 potions of might
 G - 4 potions of cancellation
 K - 8 potions of curing
 M - 2 potions of invisibility
Miscellaneous
 h - a lightning rod (4/4)
 k - a tin of tremorstones (2/2)
 r - a condenser vane (inert)
 y - a phantom mirror
 S - a box of beasts


   Skills:
 + Level 24.2 Fighting
 - Level 2.0 Short Blades
 - Level 18.0 Axes
 + Level 24.2 Armour
 + Level 21.8 Dodging
 + Level 22.5 Shields
 - Level 15.0 Evocations


You had 23 spell levels left.
You didn't know any spells.
Your spell library was empty.

Dungeon Overview and Level Annotations

Branches:
Dungeon (15/15)            Temple (0/1) D:4            Lair (6/6) D:9
 Shoals (4/4) Lair:4        Snake (4/4) Lair:3        Slime (0/5) Lair:6
    Orc (2/2) D:9             Elf (3/3) Orc:2        Vaults (5/5) D:14
  Crypt (1/3) Vaults:3     Depths (4/4) D:15           Hell (visited)
    Zot (1/5) Depths:4
    Dis: Hell:1         Geh: Hell:1         Coc: Hell:1         Tar: Hell:1

Altars:
Dithmenos
Fedhas
Nemelex Xobeh
Qazlal
Ru
Uskayaw
Vehumet
Xom
Yredelemnul

Shops:
D:6 (   D:9 *   D:15 (   Orc:2 :[(*   Elf:2 *   Elf:3 (   Shoals:4 [
Snake:1 !   Snake:2 (:[   Vaults:1 *   Vaults:2 (   Vaults:3 [   Vaults:5 ??!!?
Depths:2 :   Depths:3 ?**

Portals:
Hell: Depths:1 Depths:2 Depths:3 Depths:4
Abyss: Depths:3
Pandemonium: Depths:2 Depths:3 Depths:4
Ziggurat: Depths:2
Trove: Elf:2 (give +5 ice dragon scales)

Annotations:
Lair:5 exclusion: oklob plant
Snake:1 Roxanne
Elf:1 exclusion: orange crystal statue
Elf:2 3 runed translucent doors
Hell Geryon


Innate Abilities, Weirdness & Mutations

You have a pair of horns on your head.
You reflexively headbutt those who attack you in melee.


Message History

The storm dragon is almost dead.
You slice the tentacled monstrosity!! You freeze the tentacled monstrosity.
You barely miss the tentacled monstrosity.
The moth of wrath seems to regain its courage.
You block the storm dragon's attack. x2; The storm dragon tramples you!
You are held in place!
You block the tentacled monstrosity's attack.
The tentacled monstrosity tentacle-slaps you!
* * * LOW HITPOINT WARNING * * *
You block the tentacled monstrosity's attack.
The tentacled monstrosity constricts you.
The tentacled monstrosity closely misses you.
You furiously retaliate!
You headbutt the tentacled monstrosity!
The tentacled monstrosity tentacle-slaps you!
* * * LOW HITPOINT WARNING * * *
You block the tentacled monstrosity's attack.
The storm dragon barely misses you. You furiously retaliate!
You headbutt the storm dragon, but do no damage.
The storm dragon claws you.
* * * LOW HITPOINT WARNING * * *
The storm dragon tramples you.
* * * LOW HITPOINT WARNING * * *
You are held in place!
Clouds of flame condense around you!
The condenser dries out!
The tentacled monstrosity is engulfed in blazing flames.
You block the tentacled monstrosity's attack. x2
The tentacled monstrosity tentacle-slaps you but does no damage.
The tentacled monstrosity constricts you.
The tentacled monstrosity is engulfed in blazing flames.
The tentacled monstrosity tentacle-slaps you!!
* * * LOW HITPOINT WARNING * * *
You block the tentacled monstrosity's attack. x2
The storm dragon bites you!!
* * * LOW HITPOINT WARNING * * *
The storm dragon barely misses you. You block the storm dragon's attack.
The moth of wrath is engulfed in blazing flames.
The tentacled monstrosity is engulfed in blazing flames.
You block the tentacled monstrosity's attack.
The tentacled monstrosity tentacle-slaps you!
You die...

#.......# #..# #..#
########## #..# #††.......
######..# #.#######.
#§§§....# #§# #. ###
#§§§..§§#### #.# #. ##...
#§§y..§XX§.# #÷# #. .....
###...§D@§.#####.# #.
.....######...§§§......#.#
#(
..........####..######.#.#
#. ......))........# #.#.#
#. ......∩)...)....# #.#z#
#. #############...# #.#○#
#. #...# #.#.○ #. #...#
#.#########. #...#
#.'.........


You could see 2 tentacled monstrosities, a storm dragon (berserk) and a moth of
wrath.

Vanquished Creatures
  A dread lich (Vaults:4)
  An ancient lich (Depths:4)
  2 juggernauts
  Sojobo (Depths:1)
  Bai Suzhen (Depths:2)
  4 caustic shrikes
  2 curse toes (Zot:1)
  6 golden dragons
  Nikola (Vaults:1)
  10 tentacled monstrosities
  Rupert (D:12)
  2 walking crystal tomes
  2 liches (Depths:2)
  4 titans
  A walking earthen tome (Depths:4)
  3 walking frostbound tomes
  2 deep elf blademasters (Elf:3)
  A walking divine tome (Depths:4)
  2 deep elf master archers (Elf:3)
  4 quicksilver dragons
  19 tengu reavers
  Agnes (Snake:1)
  Kirke (Lair:4)
  9 sphinxes
  5 shadow dragons
  A tentacled starspawn (Elf:1)
  Gastronok (Lair:3)
  5 nagarajas
  Ilsuiw (Shoals:2)
  A draconian knight (Depths:4)
  13 fire giants
  2 deep elf sorcerers (Elf:3)
  11 frost giants
  A spectral juggernaut (Depths:2)
  2 orc warlords
  A storm dragon (Depths:4)
  5 iron dragons
  A ghoul (Vaults:3)
  Louise (Shoals:3)
  2 spriggan defenders
  15 vault wardens
  6 deep elf elementalists
  14 ironbound preservers
  21 very ugly things
  A draconian stormcaller (Zot:1)
  6 war gargoyles
  A draconian annihilator (Zot:1)
  15 ironbound thunderhulks
  4 vampire knights
  19 stone giants
  7 deep elf demonologists
  7 deep elf annihilators
  An entropy weaver (Vaults:2)
  A yellow draconian (Zot:1)
  6 spark wasps
  A red draconian (Zot:1)
  5 dire elephants
  Snorg (Lair:3)
  14 ettins
  An eidolon (Vaults:3)
  5 deep elf death magi
  A crystal guardian (Vaults:4)
  5 deep elf high priests
  A merfolk javelineer (Shoals:2)
  18 yaktaur captains
  5 merfolk impalers
  7 fire dragons
  7 ice dragons
  2 rakshasas (Depths:2)
  6 great orbs of eyes
  10 salamander tyrants
  3 peacekeepers
  30 vault guards
  Erolcha (D:13)
  Fannar (D:9)
  4 catoblepae
  19 naga warriors
  12 anacondas
  7 spriggan air magi
  An alligator snapping turtle (Shoals:4)
  2 merfolk avatars
  A death knight (D:12)
  6 boulder beetles
  5 ironbound frosthearts
  An ogre mage (Vaults:4)
  An anaconda (shapeshifter) (Depths:3)
  12 hydras
  2 merfolk aquamancers (Shoals:4)
  14 centaur warriors
  21 dancing weapons
  5 two-headed ogres
  5 deep troll earth magi
  6 deep troll shamans
  19 death yaks
  2 satyrs
  A vampire mage (Depths:1)
  6 orc high priests
  Urug (Lair:2)
  A thrashing horror (Abyss:3)
  5 spriggan berserkers
  11 shock serpents
  8 naga sharpshooters
  10 deep elf knights
  A spriggan (Depths:4)
  A fire crab (shapeshifter) (D:13)
  6 hell knights (Depths:3)
  2 wretched stars (Abyss:3)
  A skeletal warrior (D:14)
  6 iron trolls
  46 deep trolls
  4 salamander mystics
  2 flayed ghosts
  11 sea snakes
  7 glowing orange brains
  8 wizards
  3 necromancers
  13 deep elf archers
  6 orc knights
  8 naga ritualists
  23 ironbound convokers
  27 harpies
  15 lindwurms
  3 phantasmal warriors
  30 deep elf zephyrmancers
  7 orc sorcerers
  48 ugly things
  8 cyclopes
  21 deep elf pyromancers
  An oklob plant (Lair:3)
  17 salamanders
  11 mana vipers
  A tengu skeleton (Vaults:2)
  16 manticores
  4 fauns (Shoals:3)
  A moth of wrath (Zot:1)
  A salamander (shapeshifter) (Elf:3)
  Maurice (D:12)
  6 guardian serpents
  6 elephants
  5 apocalypse crabs (Zot:1)
  45 black mambas
  5 merfolk sirens
  15 vault sentinels
  18 naga magi
  A stone giant skeleton (Vaults:2)
  2 torpor snails
  3 water nymphs
  14 cane toads
  A gargoyle (D:11)
  2 unseen horrors
  2 yaktaur zombies (Vaults:4)
  A komodo dragon (shapeshifter) (Depths:4)
  6 komodo dragons
  4 rime drakes
  2 tengu conjurers
  2 yaktaur skeletons (Vaults:4)
  69 yaktaurs
  3 freezing wraiths
  2 polar bears (shapeshifter)
  An ancient zyme (Elf:1)
  6 trolls
  2 polar bears
  18 merfolk
  A merfolk (shapeshifter) (Vaults:5)
  4 hornets
  2 human skeletons
  5 wind drakes
  29 blink frogs
  32 slime creatures
  11 snapping turtles
  11 dream sheep
  4 wraiths
  A shadow (D:13)
  3 air elementals
  A ynoxinul (Abyss:2)
  A spriggan (shapeshifter) (Elf:1)
  59 yaks
  A yak (shapeshifter) (D:15)
  16 water elementals
  6 wyverns
  4 hogs (Lair:4)
  2 neqoxecs (Abyss:3)
  6 basilisks
  4 fire elementals
  3 steam dragons
  Grum (D:8)
  A redback (Vaults:2)
  A chaos spawn (Abyss:3)
  7 vampire mosquitoes
  3 wargs
  48 nagas
  3 acid dragons
  A water moccasin (shapeshifter) (Elf:2)
  23 water moccasins
  A floating eye (Depths:2)
  Duvessa (D:4)
  An ice beast (D:5)
  36 orc warriors
  3 black bears
  2 small abominations
  2 necrophages
  10 ogres
  A boggart (Vaults:3)
  22 wolves
  8 centaurs
  4 kobold brigands
  13 bullfrogs
  2 earth elementals
  A gnoll sergeant (D:13)
  2 scorpions
  A water moccasin zombie (D:5)
  A wyvern skeleton (D:6)
  Dowan (D:4)
  8 killer bees
  7 wights (D:9)
  A howler monkey (D:10)
  6 electric eels
  A bullfrog zombie (D:6)
  A quasit (Abyss:3)
  2 jellies
  11 orc priests
  Crazy Yiuf (D:2)
  5 centaur zombies
  A gnoll shaman (D:5)
  Jessica (D:2)
  4 iguanas
  Ijyb (D:3)
  Terence (D:2)
  Natasha (twice) (D:3)
  24 orc wizards
  A killer bee zombie (D:9)
  A hound skeleton (D:4)
  2 howler monkey zombies (D:9)
  5 adders
  23 gnolls
  2 white imps
  2 ufetubi
  An adder skeleton (D:4)
  A dart slug (D:5)
  70 orcs
  5 endoplasms
  A giant cockroach (D:3)
  4 goblins
  3 hobgoblins
  4 jackals (D:3)
  18 kobolds
  4 quokkas
  A ball python (D:1)
  3 bats
  3 frilled lizards
  A frilled lizard (shapeshifter) (Vaults:5)
  2 rats
  2 starspawn tentacles (Elf:1)
1813 creatures vanquished.

Vanquished Creatures (collateral kills)
  Jorgrun (D:12)
  A vault guard (Vaults:5)
  2 ironbound convokers (Vaults:5)
  A deep elf pyromancer (Orc:2)
  A deep elf zephyrmancer (Orc:2)
  An acid dragon (D:12)
  An orc warrior (D:12)
  A centaur (D:12)
  2 orc priests (D:12)
  An orc (D:12)
12 creatures vanquished.

Vanquished Creatures (others)
  2 fire giants
  2 deep elf knights (Elf:3)
  A deep elf archer (Elf:2)
  A wizard (D:9)
  A deep elf zephyrmancer (Elf:2)
  A black mamba (Snake:3)
  A yaktaur (Vaults:1)
  A human (Lair:4)
  An ogre (Elf:2)
  An orc wizard (D:10)
  5 orcs
  21 bushes (Depths:1)
  65 fungi
  96 plants
  13 starspawn tentacles
212 creatures vanquished.

Grand Total: 2037 creatures vanquished

Notes
Turn   | Place    | Note
-------+----------+-------------------------------------------
     0 | D:1      | diecastcamel the Minotaur Berserker began the quest for the
                  | Orb.
     0 | D:1      | Reached XP level 1. HP: 19/19 MP: 0/0
   499 | D:1      | Found a faded altar of an unknown god.
   602 | D:1      | Reached XP level 2. HP: 27/27 MP: 1/1
   675 | D:1      | Reached skill level 1 in Short Blades
   810 | D:2      | Reached XP level 3. HP: 28/33 MP: 2/2
   882 | D:2      | Noticed Terence
   885 | D:2      | Killed Terence
   942 | D:2      | Reached XP level 4. HP: 40/40 MP: 3/3
  1040 | D:2      | Noticed Jessica
  1047 | D:2      | Killed Jessica
  1354 | D:2      | Found a radiant altar of Vehumet.
  1426 | D:2      | Found a runed translucent door.
  1427 | D:2      | Noticed Crazy Yiuf
  1791 | D:3      | Noticed Natasha
  1800 | D:3      | Killed Natasha
  1801 | D:3      | Reached XP level 5. HP: 47/47 MP: 4/4
  2228 | D:3      | Noticed Ijyb
  2236 | D:3      | Killed Ijyb
  2300 | D:3      | Noticed Natasha
  2307 | D:3      | Killed Natasha
  2308 | D:3      | Reached skill level 5 in Fighting
  2665 | D:4      | Noticed an orc warrior
  2952 | D:4      | Identified the +4 ring mail of Time Monsters {Dex+3}
  2984 | D:4      | Found a staircase to the Ecumenical Temple.
  3012 | D:4      | Reached ** piety under Trog
  3207 | D:4      | Noticed an ogre
  3209 | D:4      | Killed an ogre
  3210 | D:4      | Reached XP level 6. HP: 56/56 MP: 5/5
  3270 | D:4      | Killed an orc warrior
  3271 | D:4      | Reached skill level 5 in Armour
  3271 | D:4      | Reached skill level 1 in Evocations
  3455 | D:4      | Noticed Duvessa
  3455 | D:4      | Noticed Dowan
  3458 | D:4      | Killed Dowan
  3687 | D:4      | Killed Duvessa
  3688 | D:4      | Reached XP level 7. HP: 59/62 MP: 6/6
  3812 | D:5      | Entered Level 5 of the Dungeon
  3873 | D:5      | Reached skill level 5 in Dodging
  4354 | D:5      | Reached XP level 8. HP: 64/71 MP: 7/7
  4510 | D:5      | Found a basalt altar of Yredelemnul.
  5204 | D:5      | Reached skill level 5 in Axes
  6201 | D:6      | Found Lauqe's Weapon Shoppe.
  6608 | D:6      | Reached XP level 9. HP: 79/79 MP: 8/8
  6911 | D:7      | Identified the +2 mace of Liviro {pain, Str+5}
  6956 | D:7      | Noticed a boulder beetle
  6968 | D:7      | Killed a boulder beetle
  7216 | D:7      | Reached *** piety under Trog
  8498 | D:8      | Killed an unseen horror
  9179 | D:8      | Reached XP level 10. HP: 83/90 MP: 9/9
  9259 | D:8      | Reached skill level 5 in Evocations
  9324 | D:8      | Noticed Grum
  9354 | D:8      | Killed Grum
  9759 | D:9      | Noticed a wizard
  9795 | D:9      | HP: 4/90 [something/fireball (24)]
  9795 | D:9      | Killed a wizard
 10301 | D:9      | Found Bis Got's General Store.
 10310 | D:9      | Bought a scroll of identify for 28 gold pieces
 10310 | D:9      | Bought a +0 cloak for 63 gold pieces
 10315 | D:9      | Identified a scroll of acquirement
 10316 | D:9      | Acquired the amulet "Gymmum" {Reflect Will+ MP+9 SH+5}
 10342 | D:9      | Reached skill level 10 in Axes
 10387 | D:9      | Found a staircase to the Lair.
 10939 | D:9      | Reached **** piety under Trog
 11168 | D:9      | Reached skill level 1 in Shields
 11185 | D:9      | Found a staircase to the Orcish Mines.
 11322 | D:9      | Reached skill level 10 in Fighting
 11624 | D:10     | Entered Level 10 of the Dungeon
 11779 | D:10     | Identified the +3 ring mail of Lugonu's Reproof {Harm *Slow
                  | rF+++ rN++}
 11843 | D:10     | Noticed a cyclops
 11860 | D:10     | Killed a cyclops
 11861 | D:10     | Reached XP level 11. HP: 99/99 MP: 10/10
 11911 | D:10     | Reached skill level 10 in Armour
 12006 | D:10     | Paralysed by a hornet for 1 turns
 12321 | D:10     | Reached skill level 5 in Shields
 12760 | D:10     | Noticed a brown ugly thing
 12766 | D:10     | Killed a brown ugly thing
 12798 | D:10     | Noticed a two-headed ogre
 12834 | D:10     | Killed a two-headed ogre
 14498 | D:11     | Identified the +2 ring mail "Qepaz" {-Cast Harm Str+2
                  | Slay+3}
 14866 | D:9      | Bought a scroll of blinking for 105 gold pieces
 14866 | D:9      | Bought a scroll of blinking for 105 gold pieces
 14930 | Orc:1    | Entered Level 1 of the Orcish Mines
 14930 | Orc:1    | Noticed Fannar
 14986 | Lair:1   | Entered Level 1 of the Lair of Beasts
 15240 | Lair:1   | Reached ***** piety under Trog
 15252 | Lair:1   | Reached XP level 12. HP: 108/108 MP: 11/11
 15377 | Lair:1   | Received a gift from Trog
 16353 | Lair:2   | Reached skill level 10 in Dodging
 16375 | Lair:2   | Noticed a catoblepas
 16387 | Lair:2   | Noticed Urug
 16716 | Lair:2   | Noticed a four-headed hydra
 16725 | Lair:2   | Killed a five-headed hydra
 17009 | Lair:2   | Killed a catoblepas
 17339 | Lair:2   | Noticed a five-headed hydra
 17354 | Lair:2   | Killed a seven-headed hydra
 17440 | Lair:2   | Killed Urug
 18227 | Lair:3   | Noticed Gastronok
 18251 | Lair:3   | Killed Gastronok
 18667 | Lair:3   | Found a staircase to the Snake Pit.
 18941 | Lair:3   | Noticed Snorg
 18951 | Lair:3   | Killed Snorg
 18952 | Lair:3   | Reached XP level 13. HP: 118/118 MP: 7/12
 21337 | Lair:4   | Noticed Kirke
 21361 | Lair:4   | Killed Kirke
 21901 | Lair:4   | Found a staircase to the Shoals.
 22918 | Lair:5   | Reached XP level 14. HP: 124/129 MP: 13/13
 23540 | Lair:5   | Found a blossoming altar of Fedhas.
 24411 | Lair:6   | Entered Level 6 of the Lair of Beasts
 24593 | Lair:6   | Reached skill level 15 in Axes
 25108 | Lair:6   | Received a gift from Trog
 25782 | Lair:6   | Found a staircase to the Slime Pits.
 26490 | Lair:6   | Identified the +1 cloak of the Villain {-Tele rElec rC++
                  | rCorr}
 27173 | D:9      | Killed Fannar
 27474 | Orc:2    | Entered Level 2 of the Orcish Mines
 27516 | Orc:2    | Noticed an orc warlord
 27522 | Orc:2    | Reached XP level 15. HP: 122/139 MP: 14/14
 28104 | D:2      | Killed Crazy Yiuf
 28355 | D:12     | Noticed Jorgrun
 28376 | D:12     | Noticed Maurice
 28597 | D:12     | Killed Jorgrun
 28682 | D:12     | Killed Maurice
 28683 | D:12     | Reached skill level 10 in Evocations
 29136 | D:12     | Noticed Rupert
 29156 | D:12     | Killed Rupert
 30381 | D:13     | Reached skill level 15 in Armour
 30384 | D:13     | Reached skill level 15 in Fighting
 31016 | D:13     | Noticed Erolcha
 31029 | D:13     | Killed Erolcha
 31118 | D:13     | Noticed a frost giant
 31511 | D:13     | Noticed a fire giant
 31527 | D:13     | Killed a fire giant
 32191 | Orc:2    | Killed an orc warlord
 32320 | Orc:2    | Reached skill level 10 in Shields
 32345 | Orc:2    | Found Addomaegh's General Store.
 32385 | Orc:2    | Bought a scroll of identify for 22 gold pieces
 32490 | Orc:2    | Found Ijaxuatwo's Book Shop.
 32846 | Orc:2    | Found Circhoikh's Antique Armour Shop.
 32896 | Orc:2    | Found a staircase to the Elven Halls.
 32909 | Elf:1    | Entered Level 1 of the Elven Halls
 33117 | Orc:2    | Found Ximaus's Antique Weapon Boutique.
 33409 | Orc:1    | Reached ****** piety under Trog
 33824 | D:14     | Found a gate to the Vaults.
 33852 | D:14     | Received a gift from Trog
 34509 | D:14     | Identified the +5 rapier of Woe {pain, rF++ Dex+4}
 34961 | D:15     | Entered Level 15 of the Dungeon
 35165 | D:15     | Found a shadowy altar of Dithmenos.
 35192 | D:15     | Found Zatz's Antique Weapon Shoppe.
 36056 | D:15     | Reached XP level 16. HP: 137/149 MP: 15/15
 36311 | D:15     | Found a staircase to the Depths.
 36325 | Depths:1 | Entered Level 1 of the Depths
 37066 | Elf:1    | Cast into level 2 of the Abyss (+0 mace of distortion)
 37115 | Abyss:2  | Noticed a tentacled starspawn
 37204 | Abyss:2  | Noticed a lich
 37446 | Abyss:3  | Noticed a tentacled starspawn
 37470 | Abyss:3  | Noticed an ancient lich
 37494 | Abyss:3  | Noticed a tentacled starspawn
 37500 | Elf:1    | Escaped the Abyss
 37796 | Snake:1  | Entered Level 1 of the Snake Pit
 37825 | Snake:1  | Received a gift from Trog
 38030 | Snake:1  | Identified Roxanne's Almanac of Moulding
 38030 | Snake:1  | Noticed Roxanne
 38349 | Snake:1  | Acquired the +1 pair of gloves "Lireom" {rPois rF+ Str+2}
 39174 | Snake:1  | Noticed Agnes
 39183 | Snake:1  | Killed Agnes
 39273 | Snake:1  | Found Zaunneg's Distillery.
 39279 | Snake:1  | Bought a potion of curing for 33 gold pieces
 39279 | Snake:1  | Bought a potion of haste for 110 gold pieces
 39279 | Snake:1  | Bought a potion of might for 44 gold pieces
 39279 | Snake:1  | Bought a potion of might for 44 gold pieces
 39625 | Snake:2  | Found Mulah's Weapon Boutique.
 39628 | Snake:2  | Found Zubb's Book Shop.
 39779 | Snake:2  | Found Ciqirum's Antique Armour Boutique.
 41373 | Snake:3  | Received a gift from Trog
 42217 | Snake:3  | Reached XP level 17. HP: 159/159 MP: 16/16
 42242 | Snake:3  | Found a sacrificial altar of Ru.
 44379 | Shoals:1 | Entered Level 1 of the Shoals
 45156 | Shoals:2 | Noticed Ilsuiw
 45203 | Shoals:2 | Killed Ilsuiw
 45203 | Shoals:2 | Received a gift from Trog
 46043 | Shoals:2 | Identified the +0 leather armour of the Bruised Stories
                  | {rC+}
 46083 | Shoals:3 | Noticed Louise
 46101 | Shoals:3 | Killed Louise
 46275 | Shoals:3 | Reached skill level 15 in Shields
 46990 | Shoals:4 | Entered Level 4 of the Shoals
 47138 | Shoals:4 | Reached skill level 15 in Dodging
 47277 | Shoals:4 | Received a gift from Trog
 47441 | Shoals:4 | Found Gilgamesh's Dragon-Slaying Spoils.
 47455 | Shoals:4 | Bought +0 gold dragon scales for 1040 gold pieces
 47625 | Shoals:4 | Identified the +0 pair of gloves of Erphis {-Tele rPois
                  | Regen+ Dex+8}
 47747 | Shoals:4 | Reached XP level 18. HP: 104/171 MP: 17/17
 48043 | Shoals:4 | Got a barnacled rune of Zot
 49003 | Snake:4  | Entered Level 4 of the Snake Pit
 49312 | Snake:4  | Received a gift from Trog
 51054 | Snake:4  | Got a serpentine rune of Zot
 51304 | Elf:1    | Cast into level 3 of the Abyss (+0 mace of distortion)
 51310 | Elf:1    | Escaped the Abyss
 51403 | Elf:1    | Paralysed by an air elemental for 1 turns
 51407 | Elf:1    | Paralysed by an air elemental for 1 turns
 52180 | Vaults:1 | Entered Level 1 of the Vaults
 52189 | Vaults:1 | Received a gift from Trog
 52468 | Vaults:1 | Found Momam's General Store.
 52623 | Vaults:1 | Identified the ring of Torey {+Blink Fly rC- Will+ MP+9}
 53097 | Vaults:1 | Reached XP level 19. HP: 170/179 MP: 18/18
 53343 | Vaults:1 | Noticed Nikola
 53359 | Vaults:1 | Killed Nikola
 53731 | Vaults:2 | Received a gift from Trog
 54446 | Vaults:2 | Reached skill level 15 in Evocations
 56019 | Vaults:2 | Found Uraa's Antique Weapon Boutique.
 56352 | Vaults:3 | Found Leeblenk's Antique Armour Boutique.
 56410 | Vaults:3 | Bought a pair of runed gloves for 292 gold pieces
 56767 | Vaults:3 | Received a gift from Trog
 58115 | Vaults:3 | Reached XP level 20. HP: 191/191 MP: 19/19
 58635 | Vaults:3 | Found a staircase to the Crypt.
 58636 | Vaults:3 | Received a gift from Trog
 58663 | Crypt:1  | Entered Level 1 of the Crypt
 59736 | Vaults:4 | Identified the +1 scale mail "Ughiczes" {Rampage}
 60443 | Vaults:4 | Received a gift from Trog
 62008 | Vaults:4 | Acquired the +8 orange crystal plate armour {Archmagi,
                  | Int+3 Clar}
 62008 | Vaults:4 | Found the +8 orange crystal plate armour {Archmagi, Int+3
                  | Clar}
 62672 | Elf:1    | Received a gift from Trog
 64450 | Elf:2    | Found Afomun's General Store.
 64518 | Elf:2    | Reached XP level 21. HP: 159/202 MP: 20/20
 64532 | Elf:2    | Received a gift from Trog
 64948 | Elf:2    | Found a portal to a secret trove of treasure.
 65089 | Elf:2    | Found a runed translucent gate.
 65089 | Elf:2    | Found a runed translucent gate.
 65089 | Elf:2    | Found a runed translucent gate.
 65384 | Elf:3    | Entered Level 3 of the Elven Halls
 66242 | Elf:3    | Identified the +8 rapier of Gloom {protect, *Slow Int+4
                  | Stlth+}
 66742 | Elf:3    | Received a gift from Trog
 66821 | Elf:3    | Identified the +8 scimitar of Opsaelur {antimagic, Str+3}
 67167 | Elf:3    | Identified the ring "Jashreb" {Will+ Slay+2}
 67262 | Elf:3    | Identified the +9 halberd of Destiny {antimagic, Dex+4}
 67820 | Elf:3    | Identified the +1 dagger of Fuzzy Subterfuge {freeze, *Slow
                  | rElec Dex+4 SInv}
 67873 | Elf:3    | Identified the +5 arbalest of Hatred {speed, Str+4}
 67935 | Elf:3    | Found Guwisijueb's Antique Weapon Boutique.
 68835 | Depths:1 | Noticed Sojobo
 69153 | Depths:1 | Paralysed by an air elemental for 1 turns
 69154 | Depths:1 | Killed Sojobo
 69578 | Depths:1 | Found a gateway to Hell.
 69627 | Depths:1 | Received a gift from Trog
 69655 | Hell     | Entered the Vestibule of Hell
 69656 | Hell     | Noticed Geryon
 69744 | Depths:1 | Found a sparkling altar of Nemelex Xobeh.
 70890 | Depths:2 | Found a one-way gateway to a ziggurat.
 70941 | Depths:2 | Noticed a caustic shrike
 70960 | Depths:2 | Reached XP level 22. HP: 199/213 MP: 21/21
 70966 | Depths:2 | Killed a caustic shrike
 70969 | Depths:2 | Received a gift from Trog
 70981 | Depths:2 | Paralysed by a sphinx for 6 turns
 71126 | Depths:2 | Paralysed by a floating eye for 4 turns
 71134 | Depths:2 | Paralysed by a floating eye for 3 turns
 71141 | Depths:2 | Paralysed by a floating eye for 2 turns
 71148 | Depths:2 | Paralysed by a floating eye for 2 turns
 71356 | Depths:2 | Found a one-way gate leading to the halls of Pandemonium.
 71403 | Depths:2 | Noticed Bai Suzhen
 71445 | Depths:2 | Killed Bai Suzhen
 72199 | Depths:2 | Found Kaptix's Book Emporium.
 72238 | Depths:2 | Found a hide-covered altar of Uskayaw.
 72307 | Depths:2 | Found a basalt altar of Yredelemnul.
 73267 | Depths:3 | Found Voidui Jisho's Assorted Antiques.
 73267 | Depths:3 | Found Teuxuoh's Magic Scroll Shop.
 73281 | Depths:3 | Bought a scroll of teleportation for 42 gold pieces
 73281 | Depths:3 | Bought a scroll of teleportation for 42 gold pieces
 73287 | Depths:3 | Bought a scroll of fog for 66 gold pieces
 73312 | Depths:3 | Found a one-way gate to the infinite horrors of the Abyss.
 73614 | Depths:3 | Identified the +4 quarterstaff "Kesopnem" {vorpal, rF+
                  | rCorr Str-3} (Trog gifted it to you on level 3 of the
                  | Depths)
 73614 | Depths:3 | Received a gift from Trog
 73750 | Depths:3 | Noticed a juggernaut
 73778 | Depths:3 | Killed a juggernaut
 73807 | Depths:3 | Identified the +5 flail of Ash {vorpal, Dex+4}
 73821 | Depths:3 | Noticed a golden dragon
 73874 | Depths:3 | Killed a golden dragon
 74751 | Depths:3 | Found Big Baal Hell's Store.
 75438 | Depths:4 | Entered Level 4 of the Depths
 75446 | Depths:4 | Noticed an ancient lich
 76447 | Depths:4 | Found a gate to the Realm of Zot.
 76554 | Depths:4 | Found a radiant altar of Vehumet.
 76554 | Depths:4 | Found a shimmering altar of Xom.
 76555 | Depths:4 | Found a stormy altar of Qazlal.
 76762 | Depths:4 | Noticed a golden dragon
 76773 | Depths:4 | Killed a golden dragon
 77015 | Depths:4 | Noticed a caustic shrike
 77027 | Depths:4 | Killed a caustic shrike
 77044 | Depths:4 | Noticed a caustic shrike
 77065 | Depths:4 | Killed a caustic shrike
 77187 | Depths:4 | Received a gift from Trog
 77188 | Depths:4 | Reached XP level 23. HP: 225/225 MP: 22/22
 77417 | Depths:4 | Noticed a caustic shrike
 77427 | Depths:4 | Killed a caustic shrike
 77762 | Depths:4 | Identified the +11 trident of Ash {venom, Int+3 SInv}
 78457 | Depths:4 | Killed an ancient lich
 78460 | Depths:4 | Noticed a juggernaut
 78494 | Depths:4 | Killed a juggernaut
 79769 | Vaults:5 | Entered Level 5 of the Vaults
 79843 | Vaults:5 | Identified the +6 spear of Noungiurgh {freeze, Will+
                  | Stlth+}
 79912 | Vaults:5 | HP: 4/204 [shadow dragon/bolt of negative energy (53)]
 79924 | Vaults:5 | Found Amaviaka's Magic Scroll Boutique.
 79973 | Vaults:5 | Received a gift from Trog
 80624 | Vaults:5 | Identified the ring "Pifoatuh" {rF- EV+4 Dex+7}
 81280 | Vaults:5 | Noticed a dread lich
 81747 | Vaults:4 | Killed a dread lich
 81840 | Vaults:5 | Reached XP level 24. HP: 235/237 MP: 22/22
 81865 | Vaults:5 | Identified the +5 halberd of Nucit {vorpal, Str+3}
 82079 | Vaults:4 | Received a gift from Trog
 82507 | Vaults:5 | Bought a scroll of teleportation for 48 gold pieces
 82515 | Vaults:5 | Found Omny's Distillery.
 82519 | Vaults:5 | Bought a potion of resistance for 120 gold pieces
 82519 | Vaults:5 | Bought a potion of haste for 120 gold pieces
 82526 | Vaults:5 | Got a silver rune of Zot
 82666 | Vaults:5 | Found Hockymp's Magic Scroll Shoppe.
 82691 | Vaults:5 | Found Paegyvai's Magic Scroll Emporium.
 82695 | Vaults:5 | Found Toukhlolo's Distillery.
 82696 | Vaults:5 | Bought a scroll of teleportation for 39 gold pieces
 82696 | Vaults:5 | Bought a scroll of fear for 45 gold pieces
 82703 | Vaults:5 | Bought a potion of haste for 160 gold pieces
 82703 | Vaults:5 | Bought a potion of heal wounds for 80 gold pieces
 82724 | Vaults:5 | Bought a scroll of enchant armour for 150 gold pieces
 82724 | Vaults:5 | Bought 3 scrolls of identify for 120 gold pieces
 82724 | Vaults:5 | Bought a scroll of enchant armour for 150 gold pieces
 84120 | Zot:1    | Entered Level 1 of the Realm of Zot
 84730 | Zot:1    | HP: 5/238 [storm dragon (20)]
 84730 | Zot:1    | Mangled by a tentacled monstrosity

Illustrated notes

Levels and vault maps discovered:
D:1:      dpeg_arrival_refuge, layout_basic,
          hellmonk_ecumenical_altar_heavens_door, chequers_serial_rivers_micro_b
D:2:      layout_loops_cross, basic_altar, uniq_jessica, uniq_terence,
          uniq_crazy_yiuf_cottage
D:3:      layout_basic, serial_corexii_hall, chequers_hall_statues_wall_a,
          corexii_hall_statues_i, corexii_hall_statues_i,
          corexii_hall_statues_i, feat_on_display, uniq_natasha, uniq_ijyb
D:4:      layout_basic, minmay_temple_entry_mini_moons, uniq_duvessa
D:5:      kennysheep_six_static_rooms, layout_loops_corners,
          overflow_temple_1_default
D:6:      layout_gridville, serial_shops, shop_statue
D:7:      layout_layer_cave
D:8:      layout_layer_cave, uniq_grum
D:9:      layout_roguey, minmay_lair_entry_grove, erik_orc_2,
          serial_corexii_hall, corexii_hall_statues_x,
          chequers_hall_statues_corner_a, chequers_hall_statues_y,
          chequers_hall_statues_wall_a, serial_shops, shop
D:10:     minmay_four_partial_circles, layout_long_grid
D:11:     layout_irregular_city, nicolae_underground_beach
D:12:     layout_stronghold, nzn_sisyphean_effort, uniq_maurice, uniq_rupert,
          uniq_jorgrun
D:13:     minmay_glassy_protrusions, layout_long_grid, grunt_ministairs_10,
          uniq_erolcha
D:14:     layout_roguey, skrybe_vaults_entry_preservation, minivault_27
D:15:     gammafunk_enter_depths_forms, layout_stronghold, serial_shops,
          nicolae_shop_behind_doors, nicolae_dithmenos_through_a_glass_darkly
Lair:1:   layout_chaotic_city, grunt_megastairs_3, infiniplex_staircase_pool_2,
          serial_bayou_shore_b
Lair:2:   layout_loops_ring, minmay_stone_trees_small, serial_bayou_shore_a,
          uniq_urug
Lair:3:   layout_regular_city, minmay_snake_entry_six_corridors,
          gammafunk_lair_bear_cave, uniq_snorg, uniq_gastronok
Lair:4:   layout_layer_cave, elwin_shoals_entry_rooms,
          infiniplex_staircase_pool, uniq_kirke
Lair:5:   layout_roguey, chequers_serial_rivers_micro_b, tgw_fedhas
Lair:6:   evilmike_catoblepas_cave, layout_cave_shapes,
          minmay_slime_entry_pillars, grunt_megastairs_2
Shoals:1: layout_shoals
Shoals:2: layout_shoals, nicolae_shoals_lost_giant_hut, uniq_ilsuiw
Shoals:3: layout_shoals, uniq_louise
Shoals:4: shoals_end_hangedman, layout_shoals, nicolae_shop_dragon_depot
Snake:1:  layout_basic, serial_shops, shop, uniq_roxanne, uniq_agnes
Snake:2:  layout_misc_corridors, grunt_megastairs_1, minmay_shop_star
Snake:3:  kennysheep_snake, layout_layer_cave, basic_altar
Snake:4:  hellmonk_snake_rune_quicksilver_temple, layout_rooms,
          lemuel_fruit_tree
Orc:1:    layout_caves, uniq_fannar
Orc:2:    grunt_orc_gardens, layout_caves, grunt_orc_garden, grunt_orc_garden,
          grunt_orc_garden, grunt_orc_garden, enter_volcano_2
Elf:1:    layout_loops_cross, hangedman_elven_crosses_minicolossus, minivault_16
Elf:2:    elven_hall_of_blades_hangedman_original
          [nicolae_blade_entry_hurt_lockers], layout_rooms, serial_shops,
          nicolae_shop_hallway_stairs, enter_trove_5,
          minmay_checkered_concentric_circles, uniq_aizul, uniq_saint_roka,
          uniq_asterion
Elf:3:    grunt_elf_hall_spiral, layout_loops_corners, serial_shops, shop
Vaults:1: grunt_vaults_swirl, ontoclasm_vaults_hangar,
          nicolae_vaults_shelves_hall, nicolae_vaults_triangles,
          layout_vaults_omnigrid, serial_shops, shop, uniq_nikola
Vaults:2: vaults_room_semicircle, v_rooms_3, v_misc_24, hangedman_vaults_trim,
          v_rooms_2, ontoclasm_vaults_ring_square,
          nicolae_vaults_little_squares_2, vaults_room_boxed,
          hangedman_vaults_river_flow, vaults_room_mumra_shop_pool,
          hangedman_vaults_hat, nicolae_vaults_circle_grid_a,
          vaults_mumra_chevron_long, ontoclasm_vaults_gateway,
          nicolae_vaults_little_squares_6, layout_vaults_omnibox
Vaults:3: minmay_crypt_entry_simple_round, vaults_room_corners,
          vaults_room_stairs_pillars, nicolae_vaults_specimen_jars,
          nicolae_vaults_border_crossing, ontoclasm_vaults_ring_small,
          v_misc_12, v_misc_17, nicolae_vaults_mini_display_case,
          vaults_mumra_hex, v_alt_pattern_5, hangedman_vaults_impose,
          vaults_room_large_hall, layout_vaults_omnicross, serial_shops, shop
Vaults:4: st_spiral_rooms, dpeg_vaults_monster_row, hangedman_vaults_impose,
          v_misc_15, v_misc_9, v_misc_29, vaults_room_large_hall,
          hangedman_vaults_locks, v_rooms_4, nicolae_vaults_circle_grid_b,
          vaults_room_pools, nicolae_vaults_ring_of_whatevers,
          nicolae_vaults_network_square, layout_vaults_maze
Vaults:5
Crypt:1:  layout_regular_city, minmay_misc_feat_alley, st_stairs_9
Depths:1: layout_forbidden_donut, hell_entry, serial_shops, bzr_entry_road,
          minmay_hedge_maze, grunt_ministairs_10, minmay_stone_trees_medium,
          nemelex_diamond_rough_becter, uniq_sojobo
Depths:2: hangedman_arch_fort, layout_honeycomb, enter_ziggurat_b, serial_bayou,
          serial_bayou_shore_b, serial_bayou_pond_d, serial_bayou_pond_a,
          serial_bayou_crossing, serial_bayou_pond_d, pan_entry, serial_shops,
          shop, hell_entry, nicolae_uskayaw_suspiria, moated_statue,
          minmay_door_square, roderic_three_in_a_row,
          yredelemnul_forgotten_temple_becter, uniq_bai_suzhen
Depths:3: minmay_cut_squares, layout_twisted_cross, abyss_entry,
          nicolae_hell_entry_big_baal_hell, pan_entry,
          statue_in_the_mist_lemuel, kennysheep_generic_room_12,
          infiniplex_staircase_river, minmay_shoptagon
Depths:4: hangedman_slaughterboxes, pan_entry, hell_entry
Hell
Zot:1:    gammafunk_mikee_crab_dinner, layout_misc_corridors,
          gammafunk_ghost_ooze

Skill      XL: |  1  2  3  4  5  6  7  8  9 10 11 12 13 14 15 16 17 18 19 20 21 22 23 24 |
---------------+-------------------------------------------------------------------------+-----
Short Blades   | 2 |  2.0
Fighting       | 4 5 6 7 8 10 12 13 14 15 16 17 18 19 20 21 22 23 24 | 24.2
Armour         | 3 4 5 6 8 9 10 12 13 14 15 16 17 18 19 20 21 22 23 24 | 24.2
Dodging        | 3 4 5 6 7 8 9 10 12 14 15 16 18 19 20 21 | 21.8
Evocations     | 1 2 3 4 5 6 9 10 13 15 | 15.0
Axes           | 8 9 10 11 13 14 15 17 18 | 18.0
Shields        | 2 8 12 13 15 16 18 19 20 22 | 22.5

Action                   |  1- 3 |  4- 6 |  7- 9 | 10-12 | 13-15 | 16-18 | 19-21 | 22-24 || total
-------------------------+-------+-------+-------+-------+-------+-------+-------+-------++-------
Melee: Hand axe          |    10 |       |    39 |       |       |       |       |       ||    49
       Short sword       |    21 |    77 |    70 |       |       |       |       |       ||   168
       Headbutt          |     6 |    10 |    43 |   123 |   249 |   307 |   421 |   452 ||  1611
       Punch             |       |     3 |     1 |       |       |       |       |       ||     4
       Halberd           |       |       |   130 |   114 |       |       |       |       ||   244
       War axe           |       |       |       |   382 |   640 |       |       |    15 ||  1037
       Broad axe         |       |       |       |    92 |   443 |  1473 |  1536 |  1386 ||  4930
Throw: Dart              |     2 |    16 |    11 |    29 |    28 |       |     4 |       ||    90
       Boomerang         |       |       |     4 |       |       |       |       |       ||     4
       Javelin           |       |       |       |       |       |     4 |       |       ||     4
Invok: Berserk           |     2 |     1 |     2 |     6 |     8 |       |     3 |     1 ||    23
       Trog's Hand       |       |     1 |     1 |     6 |     7 |     9 |    13 |    18 ||    55
       Brothers in Arms  |       |       |       |       |     1 |       |       |     1 ||     2
Evoke: Wand              |       |     9 |     2 |    27 |    17 |     8 |     3 |     7 ||    73
       Box of beasts     |       |       |       |       |       |     1 |     2 |     2 ||     5
       Tin of tremorston |       |       |       |       |       |       |     4 |       ||     4
       Phantom mirror    |       |       |       |       |       |       |     2 |     2 ||     4
       Condenser vane    |       |       |       |       |       |       |       |     4 ||     4
       Lightning rod     |       |       |       |       |       |       |       |     1 ||     1
  Use: Scroll            |     7 |     6 |     4 |    10 |    16 |    22 |    10 |    25 ||   100
       Potion            |       |       |       |       |     1 |     6 |     2 |    12 ||    21
 Stab: Petrified         |       |       |       |       |     1 |       |       |       ||     1
       Distracted        |       |       |       |       |       |       |       |     3 ||     3
Armor: Animal skin       |     2 |       |       |       |       |       |       |       ||     2
       Ring mail         |     7 |    16 |   101 |     8 |       |       |       |       ||   132
       Plate armour      |       |       |       |   266 |   312 |   241 |       |       ||   819
       Gold dragon scale |       |       |       |       |       |   164 |   212 |    41 ||   417
       Crystal plate arm |       |       |       |       |       |       |   198 |   427 ||   625
Dodge: Dodged            |    14 |    33 |   170 |   185 |   324 |   361 |   308 |   262 ||  1657
Block: Other             |       |       |       |    14 |       |       |       |       ||    14
       Buckler           |       |       |       |   177 |   284 |       |       |       ||   461
       Reflection        |       |       |       |     6 |    28 |   153 |   228 |    61 ||   476
       Kite shield       |       |       |       |       |   179 |   463 |       |       ||   642
       Tower shield      |       |       |       |       |       |  1131 |  1707 |  1526 ||  4364
